Map: Deathaura LE

Players

DisK

  • Race: Protoss Protoss
  • Spawn Location: 11:00

Keanu - Winner!

  • Race: Protoss Protoss
  • League: Grandmaster
  • Spawn Location: 5:00

VOD

https://www.youtube.com/watch?v=LWbGxGPDKMw

Description

Time

  • Played on: Sept. 10, 2020, 12:52 p.m.
  • Length: 11:27
Show
View Real Time Build Order
Export as new Build Order

DisK Protoss 

Build Orders: Zealot Archon 

Get SALT Encoding   

  12  0:00  Probe  
  13  0:12  Probe  
  14  0:17  Pylon  
  14  0:24  Probe  
  15  0:36  Gateway, Probe (Chrono Boost)  
  16  0:46  Assimilator, Probe (Chrono Boost)  
  17  0:51  Probe (Chrono Boost)  
  17  0:55  Assimilator  
  18  1:03  Probe (Chrono Boost)  
  19  1:07  Gateway  
  20  1:12  Probe (Chrono Boost)  
  20  1:17  Probe (Chrono Boost)  
  20  1:24  Cybernetics Core  
  21  1:29  Probe  
  22  1:39  Pylon  
  22  1:41  Probe  
  23  1:57  Probe  
  24  2:01  Stalker, Sentry, Warp Gate  
  28  2:13  Probe  
  28  2:14  Pylon  
  29  2:26  Probe  
  30  2:32  Stalker x2  
  33  2:40  Phoenix  
  33  2:44  Probe  
  34  3:00  Nexus  
  34  3:02  Shield Battery  
  34  3:07  Probe  
  35  3:17  Pylon  
  35  3:29  Robotics Facility  
  35  3:34  Shield Battery  
  35  3:35  Probe (Chrono Boost)  
  35  3:40  Pylon  
  36  3:45  Probe (Chrono Boost)  
  37  3:50  Sentry  
  39  3:58  Probe, Forge  
  40  4:05  Stalker  
  42  4:10  Probe (Chrono Boost)  
  42  4:12  Probe (Chrono Boost)  
  44  4:18  Observer  
  44  4:20  Protoss Ground Weapons Level 1  
  44  4:22  Probe (Chrono Boost)  
  44  4:23  Stalker, Probe (Chrono Boost)  
  49  4:27  Probe (Chrono Boost)  
  49  4:29  Probe (Chrono Boost)  
  51  4:37  Probe  
  52  4:40  Probe (Chrono Boost)  
  53  4:49  Gateway, Twilight Council  
  55  4:52  Probe (Chrono Boost)  
  55  4:53  Probe (Chrono Boost)  
  55  4:54  Assimilator  
  52  5:02  Probe (Chrono Boost)  
  52  5:03  Probe (Chrono Boost)  
  52  5:06  Assimilator  
  54  5:11  Probe  
  54  5:12  Phoenix  
  54  5:13  Probe  
  56  5:18  Pylon  
  56  5:23  Probe  
  56  5:25  Charge (Chrono Boost), Probe  
  58  5:29  Gateway  
  58  5:31  Templar Archives  
  58  5:35  Probe  
  58  5:40  Gateway x2  
  59  5:42  Gateway  
  59  5:54  Gateway  
  59  5:55  Gateway  
  59  6:00  Warp Prism  
  61  6:05  Pylon  
  61  6:06  Probe  
  61  6:07  Probe  
  61  6:22  Zealot x3  
  65  6:26  Stalker  
  57  6:35  Stalker x2  
  55  6:40  Zealot  
  55  6:50  Zealot x2  
  55  6:51  Zealot  
  56  6:54  Zealot  
  56  6:57  Probe  
  59  7:02  Probe  
  59  7:05  Zealot  
  58  7:09  Probe  
  58  7:14  Zealot x3  
  59  7:23  Observer  
  55  7:36  High Templar x4  
  55  7:37  Zealot, High Templar x2  
  65  7:42  Archon x3  
  65  7:43  Pylon x2  
  69  7:53  Pylon  
  63  8:05  Zealot  
  63  8:06  Zealot x2  
  63  8:12  Zealot x6  
  77  8:30  Zealot  
  77  8:31  Zealot x2  
  77  8:33  Zealot x2  
  86  8:38  Probe x2  
  84  8:50  Probe  
  85  9:09  Probe x2  
  77  9:13  Zealot x7  
  73  9:30  Nexus  
  65  9:39  High Templar x4  
  65  9:40  High Templar  
  65  9:41  High Templar  
  65  9:44  Archon x2  
  77  9:45  Archon  
  77  9:47  Zealot x2  
  81  9:56  Immortal (Chrono Boost)  
  85  10:05  Zealot  
  69  10:17  Zealot  
  69  10:18  Zealot x3  
  75  10:24  Zealot  
  75  10:27  Zealot  
  79  10:30  Zealot  
  75  10:44  Warp Prism (Chrono Boost)  
  75  10:49  High Templar x2  
  75  10:50  High Templar x4  
  75  10:53  Zealot x3  
  75  10:54  Archon x2  
  75  10:55  Archon  
  77  11:17  Zealot  
  77  11:18  Zealot x2  
Show
View Real Time Build Order
Export as new Build Order

Keanu Protoss - Winner!

Build Orders: Oracle Opening, Blink Stalkers 

Get SALT Encoding   

  12  0:00  Probe  
  13  0:12  Probe  
  14  0:18  Pylon  
  14  0:24  Probe (Chrono Boost)  
  15  0:36  Probe (Chrono Boost)  
  15  0:38  Gateway  
  16  0:45  Probe (Chrono Boost)  
  16  0:46  Assimilator  
  17  0:51  Probe  
  17  0:55  Assimilator  
  18  1:03  Probe (Chrono Boost)  
  19  1:10  Gateway  
  19  1:12  Probe (Chrono Boost)  
  19  1:17  Probe (Chrono Boost)  
  21  1:25  Cybernetics Core  
  21  1:30  Probe  
  22  1:36  Pylon  
  22  1:42  Probe  
  23  1:55  Probe  
  24  2:02  Stalker  
  24  2:03  Stalker  
  28  2:16  Warp Gate  
  28  2:22  Pylon  
  28  2:34  Stargate  
  28  2:40  Stalker  
  30  2:45  Stalker  
  32  3:04  Nexus  
  32  3:15  Probe  
  32  3:17  Oracle (Chrono Boost)  
  34  3:27  Probe (Chrono Boost)  
  34  3:28  Pylon  
  35  3:39  Probe (Chrono Boost)  
  36  3:46  Probe (Chrono Boost)  
  36  3:47  Oracle  
  40  3:54  Pylon  
  40  3:55  Probe  
  41  4:00  Twilight Council  
  41  4:07  Probe  
  42  4:16  Probe  
  43  4:19  Probe  
  44  4:24  Gateway  
  44  4:28  Stalker, Probe  
  44  4:30  Blink (Chrono Boost)  
  47  4:32  Probe (Chrono Boost)  
  48  4:40  Probe (Chrono Boost)  
  48  4:45  Stalker  
  52  4:49  Probe (Chrono Boost)  
  52  4:50  Probe (Chrono Boost)  
  53  4:55  Probe (Chrono Boost)  
  53  4:56  Probe (Chrono Boost)  
  55  5:04  Stalker  
  55  5:06  Probe  
  58  5:07  Pylon  
  58  5:08  Probe  
  59  5:16  Stalker  
  59  5:18  Probe  
  59  5:19  Pylon, Stalker  
  59  5:20  Probe  
  62  5:29  Stalker  
  62  5:30  Probe  
  65  5:38  Pylon  
  65  5:40  Stalker  
  67  5:43  Nexus  
  67  5:51  Stalker  
  67  5:52  Stalker  
  67  5:54  Probe x2  
  73  6:06  Probe x2  
  73  6:11  Stalker  
  77  6:17  Robotics Facility  
  77  6:18  Probe x2  
  76  6:30  Probe  
  75  6:39  Stalker x2  
  79  6:41  Probe  
  79  6:42  Probe  
  81  6:53  Probe  
  74  6:54  Probe  
  74  6:57  Assimilator  
  74  6:58  Gateway  
  69  7:02  Gateway  
  69  7:03  Assimilator  
  69  7:04  Gateway  
  69  7:05  Probe  
  69  7:06  Probe  
  69  7:07  Gateway  
  71  7:10  Probe  
  70  7:21  Stalker x3  
  70  7:22  Probe  
  73  7:29  Gateway  
  71  7:30  Probe  
  71  7:32  Shield Battery  
  71  7:34  Shield Battery  
  71  7:35  Shield Battery  
  70  7:37  Shield Battery  
  70  7:39  Probe x2  
  70  7:43  Charge (Chrono Boost)  
  72  7:45  Pylon, Stalker x3  
  78  7:53  Shield Battery  
  78  7:54  Shield Battery  
  78  7:56  Pylon  
  78  8:00  Stalker x3  
  84  8:05  Stalker  
  84  8:11  Shield Battery  
  86  8:13  Shield Battery  
  86  8:14  Adept x2  
  86  8:15  Shield Battery  
  90  8:22  Stalker  
  92  8:27  Stalker x3  
  92  8:30  Probe  
  99  8:41  Stalker x3  
  99  8:44  Shield Battery  
  101  8:57  Stalker x4  
  109  9:06  Stalker  
  109  9:07  Stalker  
  104  9:10  Stalker  
  103  9:20  Stalker x2  
  104  9:27  Stalker  
  106  9:34  Probe x2  
  106  9:36  Assimilator, Forge  
  108  9:39  Assimilator  
  108  9:40  Zealot x4  
  116  9:46  Pylon  
  116  9:56  Pylon  
  116  9:58  Pylon  
  116  10:06  Stalker x4  
  110  10:24  Stalker x4  
  110  10:26  Probe x2  
  108  10:49  Stalker x3, Nexus  
  114  10:53  Stalker  
  116  10:57  Robotics Bay  
  106  11:14  Stalker x5  
  110  11:22  Stalker x2  
Tags
 
Add a new tag
Caveats
  • Supply blocks, unpowered buildings, or Contaminate may cause inaccurate times.
  • Supply counts are checked every 10 seconds.